 Dungeon Crawl Stone Soup version 0.28-a0-863-g8cecda6153 (webtiles) character file.

Game seed: 7768388709769873779

6575 devnull the Cleaver (level 10, 0/93 HPs)
             Began as a Minotaur Gladiator on Nov 20, 2021.
             Was a High Priest of Zin.
             Slain by a boulder beetle (42 damage)
             ... on level 8 of the Dungeon.
             The game lasted 00:33:27 (11321 turns).

devnull the Cleaver (Minotaur Gladiator)           Turns: 11321, Time: 00:33:27

Health: 0/93       AC: 19    Str: 21    XL:     10   Next: 70%
Magic:  14/14      EV:  8    Int:  5    God:    Zin [*****.]
Gold:   510        SH:  5    Dex: 13    Spells: 9/9 levels left

rFire   + . .      SeeInvis .   M - +2 hand axe (elec)
rCold   . . .      Faith    .   E - +0 buckler
rNeg    . . .      Spirit   .   L - +0 plate armour
rPois   .          Reflect  .   v - +2 hat
rElec   .          Harm     .   N - +0 cloak
rCorr   .          Rampage  .   I - +0 pair of gloves
Will    .....                   (no boots)
Stlth   ..........              (no amulet)
HPRegen 0.25/turn               m - ring of protection from fire
MPRegen 0.14/turn               (no ring)

@: no status effects
A: horns 2, retaliatory headbutt
a: Renounce Religion, Recite, Vitalisation, Imprison, Sanctuary, Donate Gold


You were on level 8 of the Dungeon.
You worshipped Zin.
Zin was extremely pleased with you.
You visited 2 branches of the dungeon, and saw 10 of its levels.
You also visited: Sewer.

You collected 610 gold pieces.
You spent 39 gold pieces at shops.
You donated 61 gold pieces to Zin.

Inventory:

Hand Weapons
 a - a +0 war axe
 l - a +1 falchion of protection
 M - a +2 hand axe of electrocution (weapon)
 Q - a +4 dagger of flaming
Missiles
 d - 3 throwing nets (quivered)
 y - 51 poisoned darts
 A - 6 boomerangs
 F - 2 silver javelins
 J - 6 curare-tipped darts
 P - 5 atropa-tipped darts
Armour
 r - a +0 chain mail
 v - a +2 hat (worn)
 E - a +0 buckler (worn)
 I - a +0 pair of gloves (worn)
 L - a +0 plate armour (worn)
 N - a +0 cloak (worn)
Jewellery
 c - a ring of positive energy
 m - a ring of protection from fire (left hand)
Wands
 b - a wand of mindburst (11)
 B - a wand of digging (5)
 G - a wand of flame (19)
Scrolls
 f - 2 scrolls of fog
 g - a scroll of torment
 h - 4 scrolls of teleportation
 j - 2 scrolls of fear
 k - a scroll of magic mapping
 n - 3 scrolls of blinking
 s - 3 scrolls of immolation {unknown}
 t - 2 scrolls of enchant armour {unknown}
 u - a scroll of enchant weapon {unknown}
 K - 3 scrolls of amnesia {unknown}
Potions
 e - 3 potions of lignification
 i - a potion of invisibility {unknown}
 o - 4 potions of curing
 p - 2 potions of mutation {unknown}
 q - 3 potions of degeneration {unknown}
 w - 2 potions of brilliance {unknown}
 x - a potion of attraction {unknown}
 z - a potion of ambrosia {unknown}
 C - a potion of cancellation {unknown}
 D - 4 potions of haste
 H - a potion of heal wounds {unknown}
 O - a potion of flight {unknown}


   Skills:
 + Level 10.3 Fighting
 + Level 10.8 Axes
 - Level 2.0 Throwing
 + Level 9.9 Armour
 - Level 3.2 Dodging
 - Level 4.0 Shields
 + Level 6.7 Invocations


You had 9 spell levels left.
You didn't know any spells.
Your spell library contained the following spells:

 Spells                   Type           Power      Damage    Failure   Level
 Summon Small Mammal      Summ           0%         N/A       100%        1
 Ensorcelled Hibernation  Hex/Ice        0%         N/A       100%        2
 Call Canine Familiar     Summ           0%         N/A       100%        3
 Stone Arrow              Conj/Erth      0%         3d7       100%        3
 Summon Guardian Golem    Hex/Summ       0%         N/A       100%        3
 Tukima's Dance           Hex            0%         N/A       100%        3
 Animate Armour           Summ/Erth      0%         N/A       100%        4
 Hailstorm                Conj/Ice       0%         3d3       100%        4
 Ice Form                 Ice/Tmut       0%         N/A       100%        4
 Olgreb's Toxic Radiance  Pois           0%         N/A       100%        4
 Simulacrum               Ice/Necr       0%         N/A       100%        6
 Ozocubu's Refrigeration  Ice            0%         4d5       100%        7
 Ignition                 Fire           0%         3d3       100%        8
 Lehudib's Crystal Spear  Conj/Erth      0%         10d2      100%        8


Dungeon Overview and Level Annotations

Branches:
Dungeon (9/15)             Temple (1/1) D:5           Sewer (visited)
   Lair: D:8-11         Orc: D:9-12

Altars:
Ashenzari
Cheibriados
Dithmenos
Elyvilon
Fedhas
Gozag
Hepliaklqana
Kikubaaqudgha
Makhleb
Okawaru
Qazlal
Ru
Sif Muna
Trog
Uskayaw
Vehumet
Wu Jian
Xom
Yredelemnul
Zin
The Shining One

Shops:
D:3 :   D:6 *

Annotations:
D:4 up


Innate Abilities, Weirdness & Mutations

You have a pair of horns on your head.
You reflexively headbutt those who attack you in melee.


Message History

You hit the boulder beetle but do no damage.
The boulder beetle leaps!
Items here: )) ? ÷.
f - 2 scrolls of fog (gained 1)
The boulder beetle leaps!
The boulder beetle curls into a ball and begins rolling!
Things that are here:
3 stones; a +0 short sword; a +0 dagger
Things that are here:
8 poisoned darts; a +0 short sword
There is a stone staircase leading up, spattered with blood here.
The boulder beetle hits you!
The boulder beetle stops rolling and uncurls.
You climb upwards.
There is a stone staircase leading down, spattered with blood here.
You start resting.
HP restored.
You climb downwards.
There is a stone staircase leading up, spattered with blood here.
Things that are here:
8 poisoned darts; a +0 short sword
y - 51 poisoned darts (gained 8)
The boulder beetle curls into a ball and begins rolling!
There is a stone staircase leading up, spattered with blood here.
You climb upwards.
There is a stone staircase leading down, spattered with blood here.
You climb downwards.
There is a stone staircase leading up, spattered with blood here.
The boulder beetle hits you!!
The boulder beetle stops rolling and uncurls.
The boulder beetle bites you!!
There is a stone staircase leading up, spattered with blood here.
The boulder beetle bites you but does no damage.
You climb upwards.
There is a stone staircase leading down, spattered with blood here.
You see here a howler monkey skeleton.
The boulder beetle curls into a ball and begins rolling!
You see here a +0 hand axe.
The boulder beetle hits you!!!
You die...

.>...............#
.........#.......##
.........##.......###
..........##..([....#
###........###°.....#
##.......# ##°....##
#......)# ##○....#
#.......## ##B...#
##........####@...##
#...#..#...##.....#
###...###...........##
##...####..##........#
.#..####...#.........##
....# #...##..........#
...####..##......[....#
........###.....)[)...#
........###...........##


You could see a boulder beetle (rolling).

Vanquished Creatures
  Pikel (D:5)
  A cyclops (D:8)
  A kobold demonologist (D:8)
  A troll (D:9)
  A meliai (D:9)
  6 yaks
  2 humans (D:8)
  A wyvern (D:8)
  A steam dragon (D:9)
  A water moccasin (D:6)
  6 orc warriors
  Pargi (Sewer)
  An ice beast (D:8)
  2 centaurs
  2 ogres
  A phantom (D:7)
  2 kobold brigands
  3 bullfrogs
  A wyvern zombie (D:8)
  2 scorpions
  2 wyvern skeletons
  A killer bee (D:8)
  14 wights
  2 howler monkeys
  2 centaur zombies
  4 jellies
  3 orc priests
  2 bullfrog skeletons
  6 orc wizards
  Ijyb (D:5)
  9 iguanas
  2 killer bee zombies (D:6)
  A howler monkey zombie (D:5)
  3 gnolls (D:4)
  A howler monkey skeleton (D:7)
  7 adders
  A shadow imp (D:6)
  A white imp (D:8)
  3 worms
  2 dart slugs (D:4)
  30 orcs
  6 ball pythons
  11 bats
  8 endoplasms
  3 giant cockroaches
  17 goblins
  9 hobgoblins
  7 jackals
  17 kobolds
  4 quokkas
  6 frilled lizards
  2 rats
224 creatures vanquished.

Vanquished Creatures (others)
  A centaur zombie (D:9)
  A kobold (D:9)
  9 plants (D:4)
  5 withered plants (D:1)
16 creatures vanquished.

Grand Total: 240 creatures vanquished

Notes
Turn   | Place    | Note
-------+----------+-------------------------------------------
     0 | D:1      | devnull the Minotaur Gladiator began the quest for the Orb.
     0 | D:1      | Reached XP level 1. HP: 18/18 MP: 0/0
    85 | D:1      | Found a faded altar of an unknown god.
   260 | D:1      | Reached skill level 1 in Armour
   260 | D:1      | Reached XP level 2. HP: 20/25 MP: 1/1
   876 | D:1      | Reached XP level 3. HP: 30/31 MP: 2/2
  1129 | D:2      | Reached XP level 4. HP: 26/39 MP: 3/3
  2044 | D:3      | Found a white marble altar of Elyvilon.
  2062 | D:3      | Found Jeitz's Book Shoppe.
  2308 | D:3      | Reached skill level 5 in Axes
  2308 | D:3      | Reached XP level 5. HP: 46/46 MP: 4/4
  2677 | D:3      | Found a basalt altar of Yredelemnul.
  3002 | D:3      | Found a sacrificial altar of Ru.
  3583 | D:4      | Reached XP level 6. HP: 45/55 MP: 5/5
  3764 | D:4      | Reached skill level 5 in Fighting
  3960 | D:4      | Reached skill level 1 in Shields
  4629 | D:5      | Entered Level 5 of the Dungeon
  4642 | D:5      | Reached XP level 7. HP: 61/61 MP: 6/6
  4669 | D:5      | Noticed Ijyb
  4698 | D:5      | Killed Ijyb
  4791 | D:5      | Found a bloodstained altar of Trog.
  4849 | D:5      | Found a staircase to the Ecumenical Temple.
  4871 | Temple   | Entered the Ecumenical Temple
  5112 | Temple   | Became a worshipper of Zin the Law-Giver
  5112 | Temple   | Reached * piety under Zin
  5442 | D:5      | Reached skill level 5 in Armour
  5557 | D:5      | Reached skill level 1 in Invocations
  5851 | D:5      | Reached ** piety under Zin
  5990 | D:6      | Noticed Pikel
  6005 | D:5      | Killed Pikel
  6006 | D:5      | Reached XP level 8. HP: 22/71 MP: 7/9
  6277 | D:6      | Found Hasism's General Store.
  6293 | D:6      | Bought a scroll of teleportation for 39 gold pieces
  6385 | D:6      | Found a glowing drain.
  6389 | Sewer    | Entered a sewer
  6592 | Sewer    | Noticed Pargi
  6607 | Sewer    | Killed Pargi
  6919 | D:6      | Reached XP level 9. HP: 50/79 MP: 10/10
  7158 | D:6      | Reached *** piety under Zin
  8060 | D:7      | Found a shadowy altar of Dithmenos.
  8072 | D:7      | Found a stormy altar of Qazlal.
  8090 | D:7      | Reached **** piety under Zin
  8438 | D:7      | Found an opulent altar of Gozag.
  8440 | D:7      | Found a burning altar of Makhleb.
  8443 | D:7      | Found a shimmering blue altar of Sif Muna.
  8774 | D:8      | Found an iron altar of Okawaru.
  8788 | D:8      | Reached skill level 5 in Invocations
  9207 | D:8      | Noticed a gargoyle
  9808 | D:8      | Reached XP level 10. HP: 91/91 MP: 13/13
 10176 | D:8      | Reached skill level 10 in Axes
 10265 | D:9      | Reached ***** piety under Zin
 10562 | D:9      | Noticed a boulder beetle
 10921 | D:9      | Noticed a cyclops
 10925 | D:9      | Reached skill level 10 in Fighting
 10946 | D:8      | Killed a cyclops
 11321 | D:8      | Slain by a boulder beetle

Illustrated notes

Levels and vault maps discovered:
D:1:      dpeg_arrival_leaves_temple_mockup, layout_basic,
          ebering_ecumenical_altar_petrified, st_stairs_1
D:2:      layout_basic
D:3:      layout_basic, kennysheep_ying_yang, nicolae_overflow_hidden_temple,
          serial_shops, nicolae_shop_trees, dk_vineyard_2
D:4:      layout_cave_pools, serial_forest, infiniplex_forest_clump_curved,
          infiniplex_forest_end_1, infiniplex_forest_clump_curved,
          infiniplex_forest_straight_3, infiniplex_forest_clump_small,
          minmay_ogre_servants
D:5:      layout_cave_pools, mainiacjoe_overflow_six_doors_small,
          minmay_temple_entry_sparse_star, nicolae_fountain_basement, uniq_ijyb
D:6:      layout_rooms, serial_shops, shop, gup_sewer_entry_bowl,
          hellmonk_bongcloud_opening, columned_hall_lemuel, uniq_pikel
D:7:      layout_basic, jmf_multi_god_temple, grunt_temple_overflow_open
D:8:      layout_cave_pods, okawaru_humans, nicolae_fountain_basement
D:9:      hangedman_cross_stitches, layout_cave_pools,
          mainiacjoe_overflow_brackets, minivault_22, amethyst_killhole,
          chequers_decorated_corner
Temple:   grunt_temple_mini_profane

Skill      XL: |  1  2  3  4  5  6  7  8  9 10 |
---------------+-------------------------------+-----
Armour         | 1 2 3 4 6 8 9 |  9.9
Fighting       | 3 4 5 6 7 9 10 | 10.3
Axes           | 4 5 6 7 8 9 10 | 10.8
Shields        | 1 4 |  4.0
Invocations    | 2 3 5 6 |  6.7
Throwing       | |  2.0
Dodging        | |  3.2

Action                   |  1- 3 |  4- 6 |  7- 9 | 10-12 || total
-------------------------+-------+-------+-------+-------++-------
Melee: War axe           |    61 |    80 |   172 |       ||   313
       Headbutt          |     8 |    21 |    63 |    28 ||   120
       Hand axe          |       |    57 |   134 |    94 ||   285
Invok: Recite            |       |       |     5 |     2 ||     7
       Vitalisation      |       |       |       |     1 ||     1
Evoke: Wand              |       |       |       |     1 ||     1
  Use: Scroll            |       |     6 |     4 |     1 ||    11
 Stab: Confused          |       |       |       |     1 ||     1
       Invisible         |       |       |       |     1 ||     1
Armor: Leather armour    |     3 |       |       |       ||     3
       Ring mail         |    13 |    14 |       |       ||    27
       Chain mail        |       |    41 |    98 |       ||   139
       Plate armour      |       |       |    57 |    85 ||   142
Dodge: Dodged            |    45 |    57 |    85 |    54 ||   241
Block: Buckler           |       |     1 |    66 |    32 ||    99

Table legend: (Time is in decaauts)
 A = Elapsed time spent in this place.
 B = Non-inter-level travel time spent in this place.
 C = Inter-level travel time spent in this place.
 D = Time resting spent in this place.
 E = Time spent auto-exploring this place.
 F = Levels seen in this place.
 G = Mean time per level.
                   A        B        C        D        E       F      G
               +--------+--------+--------+--------+--------+-----+--------+
         Total |  11367 |  10666 |    701 |   2435 |   6472 |  11 | 1033.4 |
       Dungeon |  10755 |  10149 |    606 |   2259 |   6172 |   9 | 1195.0 |
        Temple |    274 |    179 |     95 |      0 |    173 |   1 |  274.0 |
         Sewer |    338 |    338 |      0 |    176 |    127 |   1 |  338.0 |
               +--------+--------+--------+--------+--------+-----+--------+

Top non-repeatable levels by time:
     D:8: 2379 daAuts
     D:4: 1759 daAuts
     D:5: 1366 daAuts
     D:3: 1136 daAuts
     D:7: 1070 daAuts
     D:2: 1016 daAuts
     D:6: 940 daAuts
     D:1: 929 daAuts
   Sewer: 338 daAuts
  Temple: 274 daAuts
     D:9: 156 daAuts
